Map: Dusk Towers

Players

AcerBly (Bly)

  • Race: Zerg Zerg
  • League: Master

PtitDrogo - Winner!

  • Race: Protoss Protoss
  • League: Master

Event: DreamHack ZOWIE Open Leipzig

VOD

Have the link to the VOD?

Description

Time

  • Played on: Jan. 24, 2016, 4:17 a.m.
  • Length: 12:10

All games in this series

Show
View Real Time Build Order
Export as new Build Order

AcerBly Zerg 

Build Orders: Hatch First, Lurkers 

Get SALT Encoding   

  12  0:01  Drone  
  13  0:13  Overlord  
  13  0:19  Drone  
  14  0:31  Drone x2  
  16  0:50  Hatchery  
  16  0:54  Drone  
  16  1:05  Spawning Pool  
  16  1:09  Drone  
  16  1:12  Drone  
  16  1:16  Drone  
  18  1:20  Drone  
  19  1:40  Hatchery  
  18  1:52  Zergling x4  
  20  1:56  Zergling x2  
  21  2:02  Zergling x2  
  21  2:03  Queen  
  24  2:12  Drone  
  24  2:15  Queen  
  27  2:21  Overlord  
  27  2:25  Drone  
  28  2:35  Overlord  
  28  2:40  Queen  
  30  2:45  Drone x2  
  32  2:55  Queen  
  32  2:57  Drone  
  32  2:58  Drone  
  35  3:03  Drone x2  
  36  3:08  Drone  
  36  3:09  Drone  
  36  3:11  Drone x2  
  39  3:14  Drone  
  40  3:22  Drone x2  
  41  3:27  Extractor  
  41  3:28  Drone, Extractor  
  41  3:29  Drone x2  
  42  3:41  Zergling x10  
  46  3:43  Drone x2  
  46  3:48  Overlord  
  49  3:49  Extractor  
  48  3:58  Drone x2  
  48  3:59  Overlord  
  48  4:02  Overlord  
  50  4:09  Overlord  
  47  4:20  Drone x4  
  47  4:21  Drone x4  
  54  4:24  Lair  
  54  4:31  Drone x2  
  54  4:32  Drone x3  
  54  4:35  Metabolic Boost  
  58  4:43  Zergling x10  
  63  4:51  Extractor  
  63  4:52  Drone  
  63  4:53  Drone  
  63  4:56  Drone x4  
  68  5:02  Zergling x8  
  72  5:07  Overlord  
  72  5:08  Drone x2  
  72  5:13  Overlord x2  
  74  5:19  Overlord x2  
  74  5:25  Spire  
  73  5:32  Zergling x4  
  73  5:33  Zergling x2  
  73  5:34  Drone x6  
  82  5:39  Drone  
  83  5:45  Drone x4, Hydralisk Den  
  83  5:48  Drone x2  
  88  5:58  Drone x3, Extractor x2  
  88  6:07  Drone  
  88  6:08  Drone x6  
  88  6:09  Hatchery  
  86  6:19  Overlord  
  83  6:33  Spore Crawler  
  83  6:37  Infestation Pit  
  81  6:40  Corruptor x2  
  81  6:41  Corruptor x7  
  81  6:42  Overlord  
  99  6:56  Drone x3  
  99  6:57  Drone  
  99  6:58  Overlord, Lurker Den  
  103  7:04  Overlord  
  101  7:09  Drone x2  
  101  7:29  Drone x9  
  110  7:36  Hive  
  110  7:39  Hatchery, Hydralisk x5  
  110  7:40  Overlord  
  110  7:41  Overlord x4  
  119  7:44  Roach Warren  
  119  7:49  Drone x2, Extractor  
  120  7:52  Extractor  
  120  7:53  Spore Crawler  
  120  7:54  Overlord x5  
  120  7:55  Overlord  
  118  8:00  Hydralisk x2  
  118  8:01  Hydralisk  
  124  8:10  Hydralisk  
  124  8:11  Hydralisk x4  
  132  8:23  Hydralisk  
  132  8:24  Hydralisk x5  
  142  8:29  Lurker x4  
  144  8:35  Hydralisk x3  
  124  8:51  Hydralisk x5  
  116  9:01  Hydralisk x3  
  88  9:11  Hydralisk x2  
  76  9:23  Drone x4  
  67  9:31  Lurker  
  61  9:43  Drone x3  
  61  9:44  Drone x6  
  69  9:58  Drone  
  69  9:59  Drone x7  
  77  10:18  Drone x2  
  79  10:25  Spore Crawler, Lurker x4  
  79  10:26  Spore Crawler  
  81  10:28  Spore Crawler  
  81  10:35  Zergling x14  
  82  10:39  Drone  
  82  10:40  Drone x3, Spore Crawler  
  82  10:41  Spore Crawler  
  89  10:52  Extractor  
  89  10:53  Extractor  
  87  10:57  Queen x3  
  87  11:01  Drone x2  
  95  11:08  Hydralisk x2  
  90  11:25  Hydralisk x2  
  68  11:26  Hydralisk x3  
  70  11:33  Hydralisk x2  
  59  11:43  Drone x3  
  54  11:54  Overseer  
Show
View Real Time Build Order
Export as new Build Order

PtitDrogo Protoss - Winner!

Build Orders: Nexus First, Phoenix Opening, Zealot Archon 

Get SALT Encoding   

  12  0:01  Probe (Chrono Boost)  
  13  0:11  Probe (Chrono Boost)  
  14  0:17  Pylon  
  14  0:22  Probe (Chrono Boost)  
  15  0:35  Probe (Chrono Boost)  
  16  0:46  Probe (Chrono Boost)  
  17  0:57  Nexus  
  17  1:06  Gateway  
  17  1:10  Probe (Chrono Boost)  
  18  1:15  Assimilator  
  18  1:20  Probe (Chrono Boost)  
  18  1:23  Assimilator  
  19  1:31  Probe (Chrono Boost)  
  20  1:36  Gateway  
  20  1:42  Probe (Chrono Boost)  
  21  1:52  Probe (Chrono Boost)  
  22  1:56  Cybernetics Core  
  22  2:03  Probe (Chrono Boost)  
  23  2:09  Probe (Chrono Boost)  
  23  2:13  Probe (Chrono Boost)  
  25  2:20  Probe (Chrono Boost)  
  26  2:24  Probe (Chrono Boost)  
  27  2:30  Probe (Chrono Boost)  
  27  2:32  Adept x2 (Chrono Boost)  
  27  2:34  Probe  
  33  2:42  Probe (Chrono Boost)  
  33  2:43  Warp Gate (Chrono Boost)  
  34  2:47  Mothership Core (Chrono Boost)  
  34  2:49  Pylon  
  36  2:52  Pylon  
  36  3:08  Probe (Chrono Boost)  
  36  3:11  Probe (Chrono Boost)  
  38  3:19  Probe  
  39  3:23  Probe  
  40  3:31  Probe (Chrono Boost)  
  40  3:32  Nexus  
  40  3:33  Pylon  
  41  3:36  Probe (Chrono Boost)  
  41  3:39  Sentry x2  
  46  3:51  Probe x2 (Chrono Boost)  
  48  4:01  Assimilator x2  
  48  4:02  Probe x2 (Chrono Boost), Pylon  
  50  4:12  Probe x2 (Chrono Boost)  
  52  4:22  Gateway x2  
  52  4:23  Probe x2 (Chrono Boost)  
  54  4:27  Stargate  
  54  4:28  Stargate  
  54  4:33  Probe x2 (Chrono Boost)  
  56  4:44  Probe x2 (Chrono Boost)  
  59  4:46  Probe (Chrono Boost)  
  59  4:54  Probe (Chrono Boost)  
  59  4:58  Probe (Chrono Boost)  
  59  4:59  Probe (Chrono Boost)  
  62  5:00  Adept x2  
  62  5:05  Probe (Chrono Boost)  
  67  5:08  Probe (Chrono Boost)  
  67  5:09  Probe (Chrono Boost)  
  67  5:11  Phoenix x2 (Chrono Boost)  
  73  5:16  Probe, Pylon  
  73  5:18  Probe, Pylon  
  73  5:20  Probe  
  76  5:28  Probe  
  77  5:33  Probe  
  77  5:34  Probe  
  77  5:35  Phoenix x2 (Chrono Boost)  
  83  5:37  Adept x4  
  83  5:40  Probe  
  83  5:42  Pylon  
  92  5:43  Probe  
  92  5:47  Pylon  
  92  5:49  Pylon  
  93  5:57  Assimilator x2  
  93  5:58  Robotics Facility  
  93  5:59  Probe  
  93  6:00  Probe x2  
  93  6:01  Phoenix (Chrono Boost)  
  98  6:09  Probe, Phoenix (Chrono Boost)  
  91  6:12  Probe  
  91  6:17  Twilight Council  
  90  6:19  Forge, Zealot x2  
  90  6:22  Phoenix (Chrono Boost)  
  90  6:23  Probe  
  98  6:33  Zealot x2  
  98  6:39  Protoss Ground Weapons Level 1, Phoenix (Chrono Boost)  
  101  6:42  Gateway  
  101  6:44  Immortal (Chrono Boost), Gateway  
  101  6:45  Gateway  
  103  6:48  Gateway  
  103  6:51  Pylon, Robotics Facility  
  107  6:56  Charge (Chrono Boost)  
  107  7:00  Zealot  
  109  7:20  Zealot x4  
  117  7:24  Warp Prism  
  117  7:26  Gateway  
  117  7:28  Gateway  
  117  7:30  Pylon  
  117  7:31  Pylon  
  117  7:42  Immortal  
  121  7:48  Zealot x6  
  121  7:51  Templar Archives  
  133  7:58  Observer  
  134  8:07  Nexus  
  134  8:10  Stalker, Pylon x2  
  134  8:11  Stalker x2  
  130  8:29  Zealot x2  
  130  8:30  Zealot x2  
  138  8:36  Zealot x2  
  140  8:43  Zealot x4  
  140  8:52  Probe  
  140  8:55  Stalker x4  
  131  8:57  Probe  
  131  8:59  Observer  
  119  9:13  Probe  
  108  9:19  Stalker x2  
  108  9:20  Stalker x2  
  107  9:27  High Templar  
  107  9:28  High Templar x5  
  115  9:40  Archon  
  115  9:41  Warp Prism (Chrono Boost), Archon x2  
  115  9:42  Protoss Ground Weapons Level 2  
  116  9:48  Nexus  
  116  9:53  High Templar  
  116  9:54  Zealot, High Templar  
  116  9:58  Archon  
  120  10:05  High Templar  
  120  10:06  High Templar  
  124  10:07  Nexus  
  124  10:11  Archon  
  124  10:26  Pylon  
  124  10:27  Pylon  
  124  10:37  Stalker  
  126  10:44  Zealot x2  
  126  10:45  Zealot x2  
  134  10:52  Probe  
  135  11:04  Probe  
  135  11:08  Zealot x3  
  142  11:14  Zealot x2  
  142  11:16  Probe  
  127  11:29  Mothership Core  
  127  11:36  Zealot x7  
  127  11:37  Zealot  
  139  11:44  Zealot x2  
  139  11:56  Assimilator  

Tags
 
Add a new tag
Caveats
  • Supply blocks, unpowered buildings, or Contaminate may cause inaccurate times.
  • Supply counts are checked every 10 seconds.